 Dungeon Sprint DCSS version 0.20.1-1-g8b1a95d (webtiles) character file.

67 potatolord6000 the Sneak (level 3, -3/16 HPs)
             Began as a Spriggan Summoner on Aug 29, 2017.
             Was a Follower of Sif Muna.
             Killed from afar by Dowan (18 damage)
             ... with a stone arrow
             ... in the Dungeon (Sprint VII: "The Pits").
             The game lasted 00:04:51 (437 turns).

potatolord6000 the Sneak (Spriggan Summoner)         Turns: 437, Time: 00:04:52

Health: -3/16      AC:  2    Str:  4    XL:     3   Next: 98%
Magic:  5/11       EV: 21    Int: 17    God:    Sif Muna [*.....]
Gold:   0          SH:  0    Dex: 16    Spells: 6/13 levels left

rFire    . . .     SeeInvis +   j - +2 dagger
rCold    . . .     Gourm    .   (shield restricted)
rNeg     . . .     Faith    .   a - +0 robe
rPois    .         Spirit   .   (helmet restricted)
rElec    .         Reflect  .   (no cloak)
rCorr    .         Harm     .   (gloves unavailable)
MR       .....     NoTele   +   (boots unavailable)
Stlth    +++.......             (no amulet)
Regen    0.1/turn               (no ring)
MPRegen  0.2/turn               (no ring)

@: very quick
A: unfitting armour, see invisible, herbivore 3, speed 3, slow metabolism 2
a: Divine Energy, Renounce Religion


You were in the Dungeon.
You worshipped Sif Muna.
Sif Muna was aware of your devotion.
You were not hungry.

You visited 1 branch

Inventory:

Hand Weapons
 j - a +2 dagger (weapon)
Armour
 a - a +0 robe (worn)
Scrolls
 i - a scroll of blinking
 l - 3 scrolls of remove curse
 m - 5 scrolls of amnesia
 n - a scroll of summoning
Potions
 d - a potion of curing
 e - a potion of heal wounds
 g - 3 potions of magic
 h - 3 potions of berserk rage
 k - a potion of invisibility
Books
 b - a book of Callings

   Spells                             Type                      Level
   a - Summon Small Mammal            Summoning                    1
   b - Call Imp                       Summoning                    2
   c - Call Canine Familiar           Summoning                    3
   d - Summon Guardian Golem          Hexes/Summoning              3
   e - Summon Lightning Spire         Summoning/Air                4
   f - Summon Ice Beast               Ice/Summoning                4
Comestibles
 c - 8 bread rations
 o - 40 fruits


   Skills:
 + Level 6.0 Dodging
 + Level 6.5 Stealth
 + Level 5.5 Spellcasting
 + Level 4.6 Summonings


You had 6 spell levels left.
You knew the following spells:

 Your Spells              Type           Power        Failure   Level  Hunger
a - Summon Small Mammal   Summ           ###.         1%          1    None
b - Call Canine Familiar  Summ           ###.....     6%          3    ##.....
c - Summon Guardian Gole  Hex/Summ       ##......     16%         3    ##.....


Dungeon Overview and Level Annotations

Branches:
Dungeon (1/1)

Altars:
Ashenzari
Cheibriados
Dithmenos
Elyvilon
Fedhas
Gozag
Hepliaklqana
Kikubaaqudgha
Makhleb
Nemelex Xobeh
Okawaru
Qazlal
Ru
Sif Muna
Trog
Uskayaw
Vehumet
Xom
Yredelemnul
Zin
The Shining One
Beogh
Jiyva
Lugonu

Annotations:
D Dowan


Innate Abilities, Weirdness & Mutations

You are very small and have problems with some larger weapons.
You are too small for most types of armour.
You have supernaturally acute eyesight. (SInv)
You are a herbivore.
You cover ground extremely quickly.
You need consume almost no food.


Message History

Your hound bites Dowan.
Dowan points at your hound and mumbles some strange words.
The shard of ice hits your hound.
Your hound dies!
Your hound's corpse disappears in a puff of smoke!
Magic courses through your body.
Unknown command.
There is an open door here.
Casting: Call Canine Familiar
Confirm with . or Enter, or press ? or * to list all spells.
You don't know that spell.
Casting: Call Canine Familiar
Confirm with . or Enter, or press ? or * to list all spells.
Casting: Call Canine Familiar
Confirm with . or Enter, or press ? or * to list all spells.
A guardian golem appears, shielding your allies.
Dowan gestures at you while chanting. The stone arrow hits you!
Ouch! That really hurt!
You die...

########### _________.#
_________.#
__.____..8###########++##
##########h##.............
#%?(.')))@.##......#..#...
##########.##.............
#.........e.)..÷..........
#+#####'#####......#..#...
#....†# #.............
#.....# ####'#####++##
###†### #.......# #.....#
#.......# #..).§#
#.......#


You could see Dowan, a friendly guardian golem and a friendly hound.

Vanquished Creatures
  2 jackals (D)
2 creatures vanquished.

Vanquished Creatures (collateral kills)
  Duvessa (D)
  An adder (D)
  An ooze (D)
  An adder zombie (D)
  An orc (D)
  3 jackals (D)
8 creatures vanquished.

Vanquished Creatures (others)
  A frilled lizard (D)
1 creature vanquished.

Grand Total: 11 creatures vanquished

Notes
Turn   | Place    | Note
-------+----------+-------------------------------------------
     0 | D        | potatolord6000 the Spriggan Summoner began the quest for the Orb.
     0 | D        | Reached XP level 1. HP: 9/9 MP: 5/5
    57 | D        | Found a bloodstained altar of Trog.
    57 | D        | Found a deep blue altar of Sif Muna.
    57 | D        | Found a viscous altar of Jiyva.
    57 | D        | Found a hazy altar of Hepliaklqana.
    57 | D        | Found an opulent altar of Gozag.
    58 | D        | Found a glowing golden altar of the Shining One.
    58 | D        | Found a glowing silver altar of Zin.
    58 | D        | Found a basalt altar of Yredelemnul.
    58 | D        | Found a shimmering altar of Xom.
    58 | D        | Found a sacrificial altar of Ru.
    58 | D        | Found a stormy altar of Qazlal.
    58 | D        | Found an iron altar of Okawaru.
    58 | D        | Found a sparkling altar of Nemelex Xobeh.
    58 | D        | Found a burning altar of Makhleb.
    58 | D        | Found a blossoming altar of Fedhas.
    58 | D        | Found a white marble altar of Elyvilon.
    58 | D        | Found a shadowy altar of Dithmenos.
    58 | D        | Found a snail-covered altar of Cheibriados.
    60 | D        | Found a radiant altar of Vehumet.
    60 | D        | Found a corrupted altar of Lugonu.
    60 | D        | Found a roughly hewn altar of Beogh.
    61 | D        | Found a hide-covered altar of Uskayaw.
    61 | D        | Found an ancient bone altar of Kikubaaqudgha.
    61 | D        | Found a shattered altar of Ashenzari.
    63 | D        | Became a worshipper of Sif Muna the Loreminder
   164 | D        | Reached XP level 2. HP: 13/13 MP: 1/7
   267 | D        | Reached * piety under Sif Muna
   338 | D        | Noticed Dowan
   339 | D        | Noticed Duvessa
   378 | D        | Killed Duvessa
   378 | D        | Reached skill level 5 in Spellcasting
   378 | D        | Reached XP level 3. HP: 12/16 MP: 1/10
   392 | D        | Learned a level 3 spell: Call Canine Familiar
   396 | D        | Learned a level 3 spell: Summon Guardian Golem
   437 | D        | Killed from afar by Dowan

Skill      XL: |  1  2 |
---------------+-------+-----
Spellcasting   | 3 5 |  5.5
Dodging        | 4 6 |  6.0
Stealth        | 4 6 |  6.5
Summonings     | 4 |  4.6

Action                   || total
-------------------------++-------
Melee: Dagger            ||    10
 Cast: Summon Small Mamm ||    34
       Call Canine Famil ||     2
       Summon Guardian G ||     2
  Use: Potion            ||     3
 Stab: Distracted        ||     1
       Invisible         ||     1
Dodge: Dodged            ||    18
